Map: [ESL] Site Delta

Players

Astrea - Winner!

  • Race: Protoss Protoss
  • Spawn Location: 11:00

ByuN

  • Race: Terran Terran
  • Spawn Location: 5:00

Event: IEM Katowice 2024

VOD

Have the link to the VOD?

Description

Time

  • Played on: Feb. 8, 2024, 10:48 a.m.
  • Length: 20:09

All games in this series

Show
View Real Time Build Order
Export as new Build Order

Astrea Protoss - Winner!

Build Orders: 1 Gate Expand, Phoenix Opening 

Get SALT Encoding   

  12  0:00  Probe  
  13  0:12  Probe  
  14  0:17  Pylon  
  14  0:24  Probe (Chrono Boost)  
  15  0:36  Probe (Chrono Boost)  
  15  0:37  Gateway  
  16  0:45  Probe (Chrono Boost)  
  16  0:46  Assimilator  
  17  0:51  Probe  
  18  1:03  Probe  
  19  1:15  Probe  
  20  1:25  Cybernetics Core  
  20  1:32  Nexus  
  22  1:45  Pylon  
  22  1:49  Probe  
  23  1:57  Assimilator  
  23  1:58  Stalker (Chrono Boost)  
  23  2:03  Probe  
  23  2:08  Shield Battery  
  24  2:09  Warp Gate  
  24  2:15  Probe  
  24  2:27  Probe  
  27  2:32  Sentry (Chrono Boost)  
  27  2:38  Gateway  
  27  2:39  Probe  
  28  2:45  Probe  
  28  2:46  Stalker (Chrono Boost)  
  31  2:51  Probe  
  31  2:57  Probe  
  33  2:59  Phoenix  
  33  3:03  Probe  
  34  3:09  Probe  
  34  3:10  Robotics Facility  
  35  3:15  Probe  
  35  3:16  Shield Battery  
  35  3:18  Stalker  
  38  3:21  Probe  
  39  3:28  Stalker, Probe  
  39  3:33  Pylon  
  39  3:34  Probe  
  43  3:40  Probe  
  44  3:46  Probe  
  45  3:52  Probe  
  46  3:58  Probe  
  46  3:59  Observer (Chrono Boost)  
  46  4:00  Stalker  
  50  4:05  Probe (Chrono Boost)  
  50  4:06  Stalker  
  50  4:07  Pylon  
  53  4:10  Assimilator, Probe (Chrono Boost)  
  53  4:13  Assimilator  
  54  4:21  Twilight Council  
  54  4:24  Probe (Chrono Boost)  
  54  4:26  Pylon  
  54  4:27  Probe (Chrono Boost)  
  56  4:31  Stalker  
  56  4:32  Probe (Chrono Boost)  
  60  4:42  Observer  
  60  4:43  Probe x2 (Chrono Boost)  
  62  4:48  Probe (Chrono Boost)  
  62  4:50  Probe (Chrono Boost)  
  62  4:51  Charge (Chrono Boost), Pylon  
  64  4:53  Gateway  
  64  4:58  Observer, Probe  
  64  4:59  Pylon  
  65  5:05  Observer  
  65  5:07  Zealot x2  
  65  5:11  Observer  
  69  5:18  Gateway  
  69  5:20  Gateway  
  69  5:21  Gateway  
  69  5:24  Pylon  
  69  5:25  Immortal  
  73  5:35  Zealot x2  
  73  5:40  Templar Archives  
  76  5:56  Psionic Storm  
  76  5:58  Nexus  
  76  6:00  Pylon  
  76  6:05  Observer  
  76  6:06  Sentry, Stalker x2  
  76  6:10  Pylon  
  82  6:18  Probe x2  
  83  6:23  High Templar  
  83  6:25  Warp Prism  
  87  6:30  High Templar, Probe x2  
  90  6:42  High Templar, Probe  
  90  6:44  Shield Battery  
  90  6:45  Pylon  
  93  6:48  Probe  
  93  6:49  Zealot x2  
  93  6:50  Zealot  
  100  6:55  Forge  
  100  6:58  Probe  
  100  7:00  Blink (Chrono Boost), Probe  
  102  7:10  Probe  
  102  7:12  Zealot, Probe  
  104  7:16  Zealot  
  104  7:17  Probe  
  104  7:22  Probe  
  108  7:24  High Templar, Pylon  
  108  7:25  Probe  
  108  7:29  Probe  
  112  7:30  Pylon  
  112  7:31  Protoss Ground Weapons Level 1 (Chrono Boost)  
  112  7:34  Probe  
  113  7:37  Probe  
  113  7:38  Pylon  
  113  7:42  Probe  
  113  7:43  Zealot x2  
  119  7:45  High Templar  
  119  7:49  Immortal (Chrono Boost)  
  121  7:58  Pylon  
  125  7:59  High Templar  
  125  8:07  Zealot  
  125  8:09  Zealot x3  
  133  8:16  Pylon  
  133  8:19  Nexus  
  133  8:23  Zealot  
  133  8:30  Warp Prism (Chrono Boost)  
  133  8:37  Robotics Bay  
  133  8:38  Robotics Facility  
  133  8:43  Zealot x3  
  133  8:49  Probe  
  126  8:56  Probe x2  
  126  9:01  Zealot x3  
  131  9:15  Probe x3  
  134  9:21  Archon  
  126  9:26  Zealot x6  
  126  9:27  Probe x2  
  130  9:32  Extended Thermal Lance (Chrono Boost)  
  130  9:35  Colossus x2 (Chrono Boost)  
  130  9:37  Probe x2  
  136  9:39  Protoss Ground Weapons Level 2 (Chrono Boost), Probe x2  
  144  9:51  Probe x2  
  144  9:52  Forge  
  147  9:55  Photon Cannon  
  146  10:03  Probe x2  
  146  10:04  Probe  
  149  10:08  Shield Battery  
  149  10:11  Pylon  
  149  10:17  Observer  
  149  10:18  Colossus x2 (Chrono Boost)  
  159  10:29  Protoss Ground Armor Level 1 (Chrono Boost)  
  159  10:32  Zealot x6  
  159  10:35  Gateway  
  171  10:37  Gateway  
  171  10:41  Pylon  
  171  10:45  Nexus  
  171  10:59  Zealot x6  
  171  11:04  Gravitic Drive (Chrono Boost), Probe x2  
  182  11:07  Photon Cannon  
  182  11:11  Shield Battery  
  183  11:20  Stalker x5  
  193  11:28  Robotics Facility  
  193  11:31  Robotics Facility  
  191  11:36  Gateway  
  191  11:37  Gateway  
  191  11:39  Dark Shrine, Assimilator  
  191  11:40  Assimilator  
  183  11:59  Archon  
  183  12:00  Protoss Ground Weapons Level 3 (Chrono Boost)  
  183  12:01  Zealot x8  
  181  12:10  Disruptor (Chrono Boost)  
  189  12:16  Disruptor (Chrono Boost)  
  189  12:21  Zealot x8  
  133  12:33  Immortal (Chrono Boost)  
  129  12:42  Zealot x8  
  129  12:44  Probe x2  
  133  12:45  Probe  
  133  12:47  Disruptor (Chrono Boost), Probe  
  139  12:52  Shadow Stride (Chrono Boost)  
  139  12:53  Probe  
  139  12:54  Protoss Ground Armor Level 2 (Chrono Boost)  
  139  12:56  Probe x2  
  139  12:57  Probe  
  143  12:59  Disruptor  
  143  13:04  Zealot x3  
  153  13:08  Disruptor  
  155  13:12  Zealot  
  155  13:13  Zealot x2  
  155  13:19  Disruptor (Chrono Boost)  
  161  13:22  Zealot x4  
  169  13:29  Zealot x3  
  175  13:41  Disruptor x2 (Chrono Boost)  
  177  13:44  Warp Prism (Chrono Boost)  
  177  13:45  Nexus  
  183  13:53  Dark Templar x2  
  185  14:03  Zealot x7  
  199  14:10  Gateway x2  
  199  14:15  Pylon  
  198  14:25  Nexus  
  198  14:27  Dark Templar x2  
  174  14:40  Pylon, Stalker x8  
  174  14:48  Protoss Shields Level 1 (Chrono Boost)  
  170  14:52  Immortal  
  166  15:02  Zealot x2  
  166  15:03  Zealot x8  
  180  15:21  Dark Templar x2  
  182  15:26  Dark Templar x3, Photon Cannon  
  182  15:27  Zealot x3  
  196  15:28  Photon Cannon  
  196  15:29  Shield Battery  
  192  15:36  Zealot x4  
  194  15:50  Zealot  
  194  15:51  Zealot x2  
  194  15:56  Zealot x6  
  190  16:03  Zealot x3  
  164  16:11  Dark Templar x3  
  160  16:22  Zealot x6  
  172  16:29  Zealot x3  
  170  16:55  Zealot x12  
  195  17:08  Protoss Shields Level 2  
  195  17:09  Protoss Ground Armor Level 3  
  195  17:10  Disruptor x2 (Chrono Boost)  
  165  17:24  Zealot x12  
  166  17:38  Observer (Chrono Boost)  
  171  17:46  Stalker x2  
  171  17:47  Stalker x4  
  171  17:51  Disruptor x2 (Chrono Boost)  
  145  18:04  Observer (Chrono Boost)  
  141  18:10  Probe x4  
  141  18:11  Probe x2  
  147  18:18  Zealot x2, Pylon  
  147  18:19  Disruptor, Zealot x10  
  175  18:22  Disruptor  
  175  18:27  Probe x3  
  181  18:32  Assimilator  
  176  18:48  Zealot x12  
  170  19:09  Photon Cannon  
  170  19:12  Shield Battery  
  168  19:18  Zealot x12  
  168  19:23  Immortal x2  
  196  19:27  Nexus, Immortal  
  196  19:40  Zealot x2  
  188  19:53  Stalker x6  
Show
View Real Time Build Order
Export as new Build Order

ByuN Terran 

Build Orders: Cyclone Opening 

Get SALT Encoding   

  12  0:00  SCV  
  13  0:12  SCV  
  14  0:17  Supply Depot  
  14  0:24  SCV  
  15  0:39  Barracks, SCV  
  16  0:44  Refinery  
  16  0:51  SCV  
  16  0:54  Refinery  
  17  1:03  SCV  
  18  1:15  SCV  
  20  1:25  Reaper  
  20  1:27  Orbital Command  
  20  1:46  Factory  
  20  1:53  SCV  
  21  1:54  Supply Depot  
  21  2:05  SCV  
  22  2:17  SCV  
  22  2:20  Command Center  
  23  2:29  SCV  
  24  2:32  Starport  
  24  2:38  Barracks Reactor  
  24  2:41  SCV  
  24  2:43  Cyclone  
  27  2:50  Supply Depot  
  27  2:53  SCV  
  28  3:05  SCV  
  28  3:09  Medivac  
  31  3:14  Marine x2  
  31  3:18  SCV  
  34  3:20  Factory Tech Lab  
  34  3:27  Barracks  
  34  3:32  SCV, Marine x2  
  37  3:38  Siege Tank  
  40  3:44  SCV  
  41  3:50  Marine x2  
  41  3:51  Orbital Command  
  43  3:56  SCV  
  44  4:04  Liberator  
  44  4:08  SCV  
  44  4:09  Marine  
  49  4:10  Supply Depot  
  49  4:11  Marine  
  50  4:17  SCV  
  50  4:20  SCV  
  52  4:25  Factory Tech Lab  
  52  4:28  Barracks, Stimpack  
  52  4:29  SCV  
  53  4:35  Marine x3  
  56  4:40  Engineering Bay  
  56  4:42  SCV x2  
  58  4:49  Supply Depot  
  58  4:50  Starport Reactor  
  58  4:54  SCV x2  
  58  4:55  Marauder  
  58  4:57  Refinery  
  62  5:08  Supply Depot  
  62  5:10  SCV x2, Marine  
  62  5:11  Terran Infantry Weapons Level 1  
  65  5:17  Marauder  
  65  5:18  Factory Reactor  
  67  5:22  SCV x2  
  67  5:25  Refinery  
  67  5:27  Supply Depot  
  69  5:29  Combat Shield, Marauder, Marine x2  
  69  5:34  SCV x2  
  75  5:37  Supply Depot  
  75  5:46  SCV x2, Medivac  
  75  5:49  Medivac  
  79  5:50  Marine x2  
  79  5:54  Supply Depot  
  81  5:59  SCV x2  
  81  6:03  Marauder x2  
  85  6:12  Widow Mine  
  85  6:15  Marine x2  
  85  6:17  Command Center  
  89  6:21  Concussive Shells  
  88  6:26  Barracks  
  88  6:27  Barracks  
  88  6:28  Marauder x2  
  88  6:31  SCV x2  
  94  6:36  Supply Depot  
  94  6:40  Marine x2  
  94  6:42  Medivac  
  94  6:43  Medivac  
  94  6:46  SCV x2  
  102  6:59  Marauder x2, Supply Depot  
  106  7:02  Marine x2  
  106  7:04  Widow Mine  
  106  7:05  Terran Infantry Armor Level 1  
  110  7:11  Missile Turret  
  110  7:13  Barracks Tech Lab  
  110  7:16  Barracks Reactor  
  110  7:17  Barracks Tech Lab  
  110  7:20  SCV x2  
  112  7:23  Supply Depot  
  112  7:27  Viking x2  
  116  7:32  SCV x2  
  118  7:39  Marauder x3  
  118  7:44  Marauder  
  126  7:46  SCV x2  
  126  7:50  Ghost Academy  
  128  7:58  SCV x2, Marine x2  
  132  8:06  Orbital Command  
  132  8:10  SCV x2  
  134  8:15  Supply Depot x2  
  133  8:21  Viking  
  133  8:22  SCV  
  133  8:23  SCV  
  137  8:28  Ghost x2  
  141  8:36  Ghost, SCV x2, Refinery x2  
  141  8:39  Marine x2  
  146  8:41  Widow Mine  
  146  8:42  Widow Mine  
  145  8:49  SCV x2  
  145  8:54  Medivac  
  144  9:00  Marauder  
  144  9:01  Supply Depot  
  143  9:06  Ghost  
  143  9:07  Ghost x2  
  149  9:10  Marine x2  
  151  9:17  Sensor Tower  
  151  9:21  Ghost, SCV  
  132  9:34  Marine x2  
  132  9:35  Ghost x3  
  132  9:36  Medivac  
  141  9:43  Command Center  
  138  9:50  Medivac  
  138  9:52  Missile Turret  
  140  9:54  Missile Turret  
  140  9:55  Armory  
  140  9:57  Engineering Bay  
  140  10:00  Missile Turret  
  140  10:01  Widow Mine x2  
  140  10:02  Marauder  
  140  10:04  Marauder x2  
  140  10:05  Marauder  
  152  10:09  Viking  
  154  10:14  Marine  
  154  10:15  Marine  
  154  10:19  SCV x3  
  154  10:20  Viking  
  161  10:22  Supply Depot  
  161  10:23  Supply Depot  
  161  10:27  Ghost x2  
  165  10:31  Supply Depot  
  165  10:33  Ghost  
  165  10:35  Supply Depot  
  167  10:38  SCV x2  
  167  10:39  SCV  
  170  10:46  Missile Turret  
  170  10:49  Terran Infantry Armor Level 2  
  170  10:54  SCV  
  170  10:55  SCV x2  
  173  11:03  Viking x2  
  177  11:07  Terran Infantry Weapons Level 2  
  177  11:09  Factory Reactor  
  177  11:10  Barracks  
  177  11:11  Barracks  
  177  11:12  Barracks  
  177  11:14  SCV x3  
  177  11:18  Terran Ship Weapons Level 1  
  179  11:19  Starport  
  179  11:33  Viking  
  179  11:34  Refinery  
  179  11:35  Missile Turret, Refinery  
  179  11:37  SCV x3  
  184  11:43  Marauder x3  
  187  12:00  SCV x2  
  182  12:03  Marauder  
  182  12:04  Marauder  
  182  12:06  Marauder x2  
  182  12:08  Medivac x2  
  186  12:10  SCV  
  186  12:11  Marine x4  
  186  12:12  SCV  
  190  12:18  SCV  
  190  12:22  SCV  
  178  12:24  SCV  
  178  12:25  Marauder x2  
  178  12:28  Marauder x2  
  157  12:30  SCV  
  157  12:34  SCV  
  157  12:35  Marine  
  157  12:36  Marine, SCV  
  156  12:40  Marine  
  156  12:41  Medivac  
  156  12:42  Marine  
  157  12:45  Barracks Tech Lab  
  157  12:46  Marauder  
  157  12:47  Marauder  
  157  12:49  Barracks Tech Lab, Marauder x2  
  166  12:55  Factory Reactor  
  166  12:56  Medivac x2  
  168  13:00  Orbital Command  
  168  13:05  Ghost  
  168  13:07  Marauder  
  168  13:08  Marauder  
  168  13:09  Marauder  
  168  13:10  Ghost  
  168  13:11  Marine, Marauder  
  174  13:29  Marauder x2  
  174  13:31  Marauder  
  174  13:32  Marauder  
  177  13:34  Marauder  
  177  13:39  Marauder, Medivac x2  
  177  13:40  Widow Mine x2  
  189  13:43  Marine x2  
  189  13:44  Marine x2  
  193  13:48  Terran Infantry Armor Level 3  
  193  13:50  Marauder  
  193  13:52  Medivac  
  193  13:54  Marauder  
  199  14:00  Missile Turret, Refinery  
  199  14:06  Command Center  
  197  14:23  SCV  
  197  14:24  SCV  
  188  14:26  SCV  
  188  14:29  Marauder x2  
  184  14:34  Widow Mine x2  
  184  14:35  SCV  
  184  14:37  Marauder  
  180  14:40  Marauder  
  180  14:42  Medivac, Marauder  
  180  14:43  Marine, Medivac  
  180  14:44  Marine x2  
  176  14:49  SCV x2  
  176  14:50  Marauder x2  
  170  14:55  Marine x2, Widow Mine  
  170  14:58  SCV  
  172  15:01  SCV x2  
  172  15:05  Missile Turret  
  171  15:10  Marauder x2  
  171  15:12  Marauder  
  173  15:14  Marauder  
  173  15:17  Liberator  
  173  15:18  Marauder  
  178  15:25  Liberator x2  
  184  15:32  Marauder  
  184  15:33  Marauder  
  188  15:46  Marauder  
  188  15:49  Marauder x2  
  188  15:52  Marine x2  
  188  15:54  Widow Mine x2  
  177  16:08  Marine x3  
  180  16:15  Widow Mine  
  180  16:16  Marauder  
  182  16:24  Marine  
  172  16:29  Marauder  
  172  16:30  Marine x2  
  174  16:33  Marauder  
  170  16:40  Marauder, Marine x2  
  170  16:43  SCV  
  170  16:44  SCV x2  
  177  16:50  Marauder  
  177  16:51  Marine  
  177  16:52  Marine x3  
  181  16:59  Marine x2  
  181  17:00  Marauder x2  
  187  17:03  Command Center  
  179  17:09  Marauder  
  179  17:11  Marauder  
  179  17:13  Marauder  
  180  17:18  Marauder  
  180  17:21  Marauder  
  180  17:22  Marauder  
  166  17:23  Marine  
  166  17:27  Marine  
  166  17:29  Marine  
  135  17:30  Marauder  
  135  17:31  Marine  
  135  17:32  Marauder  
  135  17:33  Marine  
  139  17:39  Widow Mine  
  139  17:40  Widow Mine  
  139  17:46  Ghost  
  139  17:47  Marine  
  139  17:50  Marine  
  136  17:57  Marine, Marauder  
  128  17:58  Marine  
  128  18:05  Marauder  
  129  18:13  Ghost  
  129  18:15  Ghost  
  129  18:19  Orbital Command  
  133  18:24  Orbital Command  
  131  18:30  Marine x3  
  134  18:35  SCV x3  
  134  18:37  Ghost  
  136  18:47  Ghost, SCV x2  
  127  18:52  Marauder  
  127  18:53  Marine x2  
  127  18:54  Marauder  
  115  18:57  Marauder, Marine x2  
  115  18:59  Marine  
  105  19:06  Marine, SCV x3  
  105  19:07  SCV  
  109  19:10  Marine x2  
  109  19:13  Marauder  
  109  19:15  Marine x2, Widow Mine  
  109  19:16  Marauder x2  
  123  19:17  Marauder  
  123  19:18  Marine  
  123  19:19  Widow Mine  
  123  19:24  Missile Turret, Marine  
  121  19:28  Marine x2  
  124  19:33  Marine x2  
  124  19:35  Marauder  
  124  19:36  Marauder, Widow Mine  
  124  19:37  Marauder  
  124  19:38  Marauder x2  
  138  19:42  Marine  
  132  19:46  Marine x2  
  132  19:49  SCV x2  
  132  19:50  SCV x2  
  132  19:51  Marine x2  

Tags
 
Add a new tag
Caveats
  • Supply blocks, unpowered buildings, or Contaminate may cause inaccurate times.
  • Supply counts are checked every 10 seconds.